 Dungeon Crawl Stone Soup version 0.17-a0-1132-g5dd4065 (console) character file.

49 Monkaria the Skirmisher (level 3, 0/31 HPs)
             Began as a Demonspawn Chaos Knight on May 25, 2015.
             Slain by a crocodile (17 damage)
             ... on level 3 of the Dungeon.
             The game lasted 00:02:36 (1830 turns).

Monkaria the Skirmisher (Demonspawn Chaos Knight)   Turns: 1830, Time: 00:02:36

Health: 0/31       AC:  5    Str: 13    XL:     3   Next: 51%
Magic:  3/3        EV: 16    Int: 13    God:    Xom [..*...]
Gold:   76         SH:  0    Dex: 17    Spells: 0 memorised, 2 levels left

rFire  . . .     SeeInvis .     a - +0 falchion (chaos)
rCold  + . .     Clarity  .     b - +2 leather armour
rNeg   . . .     SustAt   .     (no shield)
rPois  .         Gourm    .     (no helmet)
rElec  .         Spirit   .     (no cloak)
rCorr  .         Warding  .     (no gloves)
rMut   .         Stasis   .     (no boots)
MR     .....                    h - amulet of rage
Stlth  ++........               (no ring)
                                (no ring)

@: agile, not resistant to hostile enchantments, unstealthy
A: cold resistance 1
a: Renounce Religion, Evoke Berserk Rage


You were on level 3 of the Dungeon.
You worshipped Xom.
You were a toy of Xom.
You were not hungry.

You visited 1 branch of the dungeon, and saw 3 of its levels.

You collected 76 gold pieces.

Inventory:

Hand weapons
 a - a +0 falchion of chaos (weapon)
Armour
 b - a +2 leather armour (worn)
Jewellery
 h - an amulet of rage (around neck)
 i - an uncursed amulet of rage
 j - an uncursed amulet of resist corrosion
 w - an uncursed amulet of warding {unknown}
 x - an uncursed ring of flight {unknown}
Magical devices
 n - a wand of magic darts (19)
Scrolls
 d - a scroll of teleportation {unknown}
 e - 2 scrolls of remove curse {unknown}
 f - a scroll of noise {unknown}
 p - a scroll of fear {unknown}
 q - a scroll of identify {unknown}
Potions
 g - a potion of curing
 k - a potion of heal wounds {unknown}
 l - 2 potions of agility
 r - a potion of ambrosia {unknown}
 s - a potion of cancellation {unknown}
 u - 3 potions of berserk rage {unknown}
Comestibles
 c - a bread ration
 m - 4 fruits
 o - a slice of pizza
 t - a chunk of flesh
 v - a beef jerky


   Skills:
 + Level 4.6 Fighting
 - Level 2.6 Long Blades
 - Level 1.7 Armour
 - Level 0.8 Dodging


You had 2 spell levels left.
You didn't know any spells.

Dungeon Overview and Level Annotations

Branches:
Dungeon (3/15)

Altars:
Ashenzari
Ru


Innate Abilities, Weirdness & Mutations

Your flesh is cold resistant.


Message History

Drink which item? (? for menu, Esc to quit)
It was a potion of agility.
You feel agile all of a sudden.
Xom thinks this is hilarious!
The crocodile bites you.
You hit the crocodile but do no damage.
The crocodile is lightly wounded.
The crocodile closely misses you.
You hit the crocodile but do no damage.
The crocodile is poisoned.
The crocodile is lightly wounded.
The crocodile closely misses you.
You barely miss the crocodile.
The crocodile is lightly wounded.
The crocodile bites you but does no damage.
You barely miss the crocodile.
The crocodile is lightly wounded.
The crocodile barely misses you. The crocodile bites you!
Ouch! That really hurt!
You die...
Xom thinks this is hilarious!

#...##........(#
.......#.....(.# .#
##.#.#†..†...†.# .#
..#.#........## #. #
.###.#.#.....## ...##
( #.#.##.....## .#..#
#.#.#.......## ....###
.............##.......
............@t†......
###......<..##.#...#.
##.......## .......
##.....## ##.# #
#.....## #.#
##.##'##### #.#
#.........## #.#
#..#######.###.#
##.#..≈≈≈..#.##.#


You could see a crocodile.

Vanquished Creatures
  An adder (D:2)
  2 giant geckos
  8 bats
  2 giant cockroaches
  6 goblins
  2 hobgoblins
  2 jackals (D:3)
  4 kobolds
  2 quokkas (D:2)
  2 giant newts
  2 rats
33 creatures vanquished.

Vanquished Creatures (others)
  An ooze (D:2)
1 creature vanquished.

Grand Total: 34 creatures vanquished

Notes
Turn   | Place    | Note
--------------------------------------------------------------
     0 | D:1      | Monkaria the Demonspawn Chaos Knight began the quest for the Orb.
     0 | D:1      | Reached XP level 1. HP: 18/18 MP: 1/1
    88 | D:1      | XOM: divination: detect items
   154 | D:1      | Found a shattered altar of Ashenzari.
   322 | D:1      | XOM: silly message
   324 | D:1      | Gained mutation: Your flesh is cold resistant. [demonic ancestry]
   324 | D:1      | Reached XP level 2. HP: 12/24 MP: 2/2
   480 | D:1      | XOM: silly message
   872 | D:2      | XOM: harmless Necr miscast
   977 | D:2      | Reached skill level 4 in Fighting
  1393 | D:2      | Reached XP level 3. HP: 30/30 MP: 3/3
  1427 | D:2      | XOM: harmless Conj miscast
  1737 | D:3      | XOM: harmless Air miscast
  1744 | D:3      | XOM: harmless Erth miscast
  1777 | D:3      | Found a sacrificial altar of Ru.
  1822 | D:3      | Noticed a crocodile
  1822 | D:3      | a worm changed into a crocodile
  1830 | D:3      | Slain by a crocodile

Vault maps used:
D:1:      lemuel_arrival_funnel, evilmike_ruin_ashenzari
D:3:      first_bread, nicolae_ru_awakened_eye

Action                   || total
-------------------------++-------
Melee: Falchion          ||   127
  Use: Potion            ||     2
  Eat: Chunk             ||     3
